 Dungeon Crawl Stone Soup version 0.31-a0-1-g4198be8af4 (webtiles) character file.

Game seed: 904560067722074031

721 jasper the Gusty (level 7, -2/36 HPs)
             Began as a Tengu Air Elementalist on May 2, 2023.
             Was a Follower of Vehumet.
             Slain by a wyvern (13 damage)
             ... on level 5 of the Dungeon.
             The game lasted 00:05:42 (4947 turns).

jasper the Gusty (Tengu Air Elementalist)           Turns: 4947, Time: 00:05:42

Health: -2/36      AC:  6    Str:  8    XL:     7   Next: 71%
Magic:  5/15       EV: 14    Int: 17    God:    Vehumet [*.....]
Gold:   69         SH:  0    Dex: 15    Spells: 2/15 levels left

rFire   + . .        b - +0 short sword
rCold   . . .        w - orb {*channel}
rNeg    . . .        a - +0 robe
rPois   .            (helmet restricted)
rElec   .            (no cloak)
rCorr   .            (no gloves)
SInv    .            (boots unavailable)
Will    .....        (no amulet)
Stlth   ++           l - +4 ring of protection
HPRegen 0.26/turn    e - ring of protection from fire
MPRegen 0.14/turn

%: channel magic (20%)
@: flying quickly and evasively, quick
A: beak, talons 3, nimble flight
a: Renounce Religion


You were on level 5 of the Dungeon.
You worshipped Vehumet.
Vehumet was aware of your devotion.
You visited 2 branches of the dungeon, and saw 6 of its levels.

You collected 149 gold pieces.
You spent 80 gold pieces at shops.

Inventory:

Hand Weapons
 b - a +0 short sword (weapon)
 p - a +1 dagger of speed
Armour
 a - a +0 robe (worn)
 w - an orb of energy (worn)
Jewellery
 e - a ring of protection from fire (right hand)
 l - a +4 ring of protection (left hand)
Wands
 j - a wand of flame (1)
 o - a wand of roots (9)
Scrolls
 g - 3 scrolls of teleportation
 h - 2 scrolls of poison
 n - 3 scrolls of vulnerability
Potions
 c - a potion of haste
 d - 3 potions of heal wounds
 f - a potion of lignification {unknown}
 i - a potion of ambrosia
 k - a potion of curing
 m - a potion of magic
 q - 2 potions of attraction {unknown}
 r - 2 potions of invisibility {unknown}
 s - a potion of degeneration {unknown}
 t - 2 potions of brilliance {unknown}
 u - a potion of might {unknown}
 v - a potion of resistance {unknown}
 x - a potion of mutation {unknown}


   Skills:
 - Level 2.1 Dodging
 - Level 2.0 Stealth
 + Level 4.7 Spellcasting
 + Level 6.2 Conjurations
 + Level 7.4 Air Magic


You had 2 spell levels left.
You knew the following spells:

 Your Spells              Type           Power      Damage    Failure   Level
a - Shock                 Conj/Air       100%       1d9       4%          1
b - Static Discharge      Conj/Air       54%        2-5/arc   6%          2
c - Swiftness             Air            29%        N/A       8%          3
d - Mephitic Cloud        Conj/Pois/Air  19%        N/A       19%         3
e - Airstrike             Air            14%        2d(3-19)  19%         4

Your spell library contained the following spells:

 Spells                   Type           Power      Damage    Failure   Level
 Freeze                   Ice            16%        1d4       32%         1
 Magic Dart               Conj           100%       1d8       5%          1
 Kiss of Death            Conj/Necr      56%        2d9       13%         1
 Beastly Appendage        Tmut           8%         N/A       32%         1
 Call Imp                 Summ           8%         N/A       43%         2
 Lesser Beckoning         Tloc           8%         N/A       43%         2
 Wereblood                Tmut           4%         N/A       43%         2
 Confusing Touch          Hex            4%         N/A       63%         3
 Gell's Gravitas          Tloc           4%         N/A       63%         3
 Spider Form              Tmut/Pois      4%         N/A       63%         3
 Teleport Other           Tloc           4%         N/A       63%         3
 Dispel Undead            Necr           4%         3d7       93%         4
 Malign Gateway           Summ/Tloc      2%         N/A       100%        7
 Summon Horrible Things   Summ           2%         N/A       100%        8


Dungeon Overview and Level Annotations

Branches:
Dungeon (5/15)             Temple (1/1) D:4

Altars:
Hepliaklqana
Nemelex Xobeh
Qazlal
Trog
Vehumet
Wu Jian
Yredelemnul
Zin
The Shining One

Shops:
D:3 *


Innate Abilities, Weirdness & Mutations

You have a beak for a mouth.
You have claws for feet.
Your magical nature lets you fly swiftly and evasively.


Message History

You are struck by an arc of lightning.
The scorpion is struck by an arc of lightning.
The scorpion is moderately wounded.
The lightning grounds out.
Magical energy flows into your mind!
The scorpion stings you but does no damage.
The scorpion stings you.
Your magical contamination has completely faded away.
You take 5 damage, and have 29/36 hp.
Casting: Static Discharge (safe; 7% risk of failure)
Confirm with . or Enter, or press ? or * to list all spells.
The scorpion is struck by an arc of lightning.
The scorpion is heavily wounded.
You are struck by an arc of lightning.
The scorpion is struck by an arc of lightning.
The scorpion is almost dead.
The lightning grounds out.
The scorpion completely misses you.
You take 3 damage, and have 26/36 hp.
You now have 7/14 mp.
Casting: Static Discharge (safe; 7% risk of failure)
Confirm with . or Enter, or press ? or * to list all spells.
The scorpion is struck by an arc of lightning.
You kill the scorpion!
Vehumet accepts your kill.
You are struck by an arc of lightning.
The wyvern is struck by an arc of lightning.
The wyvern is lightly wounded.
You are struck by an arc of lightning.
The lightning grounds out.
The wyvern is struck by an arc of lightning.
The wyvern is moderately wounded.
You are struck by an arc of lightning.
The lightning grounds out.
The wyvern bites you!
You take 12 damage, and have 14/36 hp.
MASSIVE DAMAGE!!
You now have 5/15 mp.
Casting: Static Discharge (safe; 6% risk of failure)
Confirm with . or Enter, or press ? or * to list all spells.
The wyvern is struck by an arc of lightning.
The wyvern is moderately wounded.
You are struck by an arc of lightning.
* * * LOW HITPOINT WARNING * * *
The lightning grounds out.
Magical energy flows into your mind! The wyvern bites you!
You die...

..... .... #... .. ###
#.. . ..## # ###..
J#...###..##...####.#
..o...#..........(..#.
##........
#..†@.......
.#....o.l..
##...l......
....:...o..
#...........
...<.....#
#...........
..........#
#..###......
........... ..# ......
o..#.......... ......
... #......... ......
... ......


You could see a wyvern.

Vanquished Creatures
  A phantom (D:4)
  2 scorpions (D:5)
  2 jellies
  3 hounds
  2 orc priests
  2 orc wizards (D:5)
  An iguana (D:4)
  4 gnolls
  8 adders
  A worm (D:3)
  7 dart slugs
  20 orcs
  10 endoplasms
  2 giant cockroaches
  6 goblins
  10 hobgoblins
  8 quokkas
  5 ball pythons
  A bat (D:1)
  12 kobolds
  4 rats
111 creatures vanquished.

Notes
Turn   | Place    | Note
-------+----------+-------------------------------------------
     0 | D:1      | jasper the Tengu Air Elementalist began the quest for the
                  | Orb.
     0 | D:1      | Reached XP level 1. HP: 10/10 MP: 4/4
    94 | D:1      | Reached XP level 2. HP: 11/15 MP: 0/6
   100 | D:1      | Learned a level 2 spell: Static Discharge
   232 | D:1      | Reached XP level 3. HP: 15/19 MP: 2/7
  1410 | D:2      | Reached XP level 4. HP: 24/24 MP: 6/9
  1487 | D:2      | Reached skill level 5 in Air Magic
  1591 | D:2      | Learned a level 3 spell: Swiftness
  2411 | D:3      | Found Touc's Assorted Antiques.
  2434 | D:3      | Bought a scroll labelled NOYRUN HUOT for 22 gold pieces
  2434 | D:3      | Bought 2 golden potions for 39 gold pieces
  2434 | D:3      | Bought a puce potion for 19 gold pieces
  2489 | D:3      | Found a faded altar of an unknown god.
  2677 | D:3      | Gained mutation: Your magical nature lets you fly swiftly
                  | and evasively. [Tengu growth]
  2677 | D:3      | Reached XP level 5. HP: 28/28 MP: 6/10
  2681 | D:3      | Learned a level 3 spell: Mephitic Cloud
  2858 | D:3      | Found a glowing golden altar of the Shining One.
  3603 | D:4      | Noticed a phantom
  3612 | D:4      | Killed a phantom
  3613 | D:4      | Reached skill level 6 in Air Magic
  3613 | D:4      | Reached XP level 6. HP: 3/32 MP: 1/12
  4009 | D:4      | Reached skill level 5 in Conjurations
  4149 | D:4      | Found a sparkling altar of Nemelex Xobeh.
  4201 | D:4      | Found a staircase to the Ecumenical Temple.
  4211 | Temple   | Entered the Ecumenical Temple
  4225 | Temple   | Became a worshipper of Vehumet
  4327 | D:4      | Found an ornate altar of the Wu Jian Council.
  4346 | D:4      | Reached XP level 7. HP: 36/36 MP: 5/14
  4622 | D:5      | Entered Level 5 of the Dungeon
  4628 | D:5      | Noticed a wyvern
  4767 | D:5      | Reached * piety under Vehumet
  4767 | D:5      | Offered knowledge of Freeze by Vehumet.
  4779 | D:5      | Learned a level 4 spell: Airstrike
  4805 | D:5      | Reached skill level 7 in Air Magic
  4947 | D:5      | Slain by a wyvern

Illustrated notes

Levels and vault maps discovered:
D:1:      dpeg_arrival_shrine, layout_rooms
D:2:      layout_loops_corners, minivault_4
D:3:      layout_basic, mainiacjoe_overflow_24_doors, serial_shops,
          nicolae_shop_dealshenge, shapermc_ecumenical_altar_venn,
          kennysheep_potato
D:4:      layout_rooms, nemelex_altar_shiori, minmay_temple_entry_statues,
          minmay_ruined_shrine
D:5:      layout_cave_pools, mainiacjoe_overflow_cross_hatched,
          gammafunk_ghost_abyssal_escape, nicolae_shop_self_help
Temple:   compressed_dpeg_triangle_lava_temple

Skill      XL: |  1  2  3  4  5  6  7 |
---------------+----------------------+-----
Conjurations   | 2 3 4 5 6 |  6.2
Air Magic      | 5 6 7 |  7.4
Spellcasting   | 3 4 |  4.7
Dodging        | |  2.1
Stealth        | |  2.0

Action                     |  1- 3 |  4- 6 |  7- 9 || total
---------------------------+-------+-------+-------++-------
  Melee: Unarmed           |     9 |       |       ||     9
         Peck              |     3 |       |       ||     3
         Kick              |     1 |       |       ||     1
         Short sword       |       |     3 |       ||     3
   Cast: Shock             |    69 |   144 |    48 ||   261
         Static Discharge  |       |     4 |     9 ||    13
    Use: Potion            |     1 |       |       ||     1
         Scroll            |       |    10 |       ||    10
 Armour: Robe              |       |     5 |     4 ||     9
  Dodge: Dodged            |     9 |    13 |     9 ||    31

Table legend: (Time is in decaauts)
 A = Elapsed time spent in this place.
 B = Non-inter-level travel time spent in this place.
 C = Inter-level travel time spent in this place.
 D = Time resting spent in this place.
 E = Time spent auto-exploring this place.
 F = Levels seen in this place.
 G = Mean time per level.
                   A        B        C        D        E       F      G
               +--------+--------+--------+--------+--------+-----+--------+
         Total |   4853 |   4742 |    111 |    213 |   3952 |   6 |  808.8 |
       Dungeon |   4833 |   4727 |    106 |    213 |   3946 |   5 |  966.6 |
        Temple |     19 |     15 |      4 |      0 |      6 |   1 |   19.0 |
               +--------+--------+--------+--------+--------+-----+--------+

Top non-repeatable levels by time:
     D:4: 1471 daAuts
     D:2: 1250 daAuts
     D:3: 1128 daAuts
     D:1: 881 daAuts
     D:5: 101 daAuts
  Temple: 19 daAuts
